 Dungeon Crawl Stone Soup version 0.31-a0-596-g831eee08f1 (webtiles) character file.

Game seed: 8915377588339829486

298 jlumianski the Magician (level 6, -1/45 HPs)
             Began as a Djinni Fire Elementalist on Aug 20, 2023.
             Was an Initiate of Makhleb.
             Slain by a gnoll bouda
             ... wielding a +0 club
              (7 damage)
             ... on level 3 of the Dungeon.
             The game lasted 00:13:13 (2277 turns).

jlumianski the Magician (Djinni Fire Elementalist)  Turns: 2277, Time: 00:13:16

Health: -1/45      AC:  3    Str:  7    XL:     6   Next: 63%
Gold:   143        EV: 18    Int: 19    God:    Makhleb [......] SH:  0 Dex: 13

rFire   + + .        h - +0 dagger (venom)
rCold   x . .        (no shield)
rNeg    . . .        a - +0 robe
rPois   ∞            o - +0 helmet "Gememn" {Will++}
rElec   .            (no cloak)
rCorr   .            (no gloves)
SInv    .            (boots unavailable)
Will    ++...        (no amulet)
Stlth   ++           p - +5 ring of evasion
HPRegen 0.27/turn    (no ring)
MPRegen 0.00/turn

%: infuse magic (-2 HP)
@: weakened, flying, very slightly contaminated
A: sickness immunity, fire resistance 2, cold vulnerability 1, float, innate
caster, HP casting, extra vitality 1
a: Renounce Religion


You were on level 3 of the Dungeon.
You worshipped Makhleb.
Makhleb was noncommittal.
You visited 1 branch of the dungeon, and saw 4 of its levels.

You collected 143 gold pieces.

Inventory:

Hand Weapons
 f - a +0 spear
 h - a +0 dagger of venom (weapon)
 t - a +2 antimagic flail
 u - a +0 long sword
 y - a +0 rapier
Missiles
 j - 2 javelins
 q - 4 boomerangs (quivered)
Armour
 a - a +0 robe (worn)
 l - a +0 leather armour
 o - the +0 helmet "Gememn" (worn) {Will++}
   (You found it on level 2 of the Dungeon)

   Will++:    It greatly increases your willpower.
Jewellery
 p - a +5 ring of evasion (left hand)
Scrolls
 b - 4 scrolls of poison {unknown}
 e - a scroll of silence {unknown}
 g - a scroll of enchant armour {unknown}
 m - a scroll of noise {unknown}
 n - a scroll of vulnerability {unknown}
 s - a scroll of fog {unknown}
Potions
 c - a potion of attraction {unknown}
 d - 2 potions of heal wounds
 i - a potion of ambrosia {unknown}
 k - a potion of curing {unknown}
 r - a potion of haste {unknown}
 v - a potion of lignification {unknown}
 w - a potion of enlightenment
 x - a potion of invisibility {unknown}


   Skills:
 * Level 2.7 Fighting
 + Level 0.5 Short Blades
 + Level 3.4 Dodging
 + Level 2.6 Stealth
 * Level 3.8 Spellcasting
 * Level 3.8 Conjurations
 * Level 3.8 Hexes
 * Level 3.8 Summonings
 * Level 3.8 Necromancy
 * Level 3.8 Translocations
 * Level 3.8 Transmutations
 * Level 3.8 Fire Magic
 * Level 3.8 Ice Magic
 * Level 3.8 Air Magic
 * Level 3.8 Earth Magic
 * Level 3.8 Poison Magic
 * Level 1.8 Invocations


You knew the following spells:

 Your Spells              Type           Power      Damage    Failure   Level
a - Foxfire               Conj/Fire      72%        2x1d7     3%          1
b - Scorch                Fire           36%        2d6       4%          2
c - Volatile Blastmotes   Fire/Tloc      36%        2d13      9%          3
d - Inner Flame           Hex/Fire       18%        N/A       9%          3
e - Flame Wave            Conj/Fire      18%        2d7       28%         4
f - Slow                  Hex            72%        N/A       3%          1
g - Blink                 Tloc           36%        N/A       4%          2
Your spell library was empty.

Dungeon Overview and Level Annotations

Branches:
Dungeon (4/15)
 Temple: D:4-7

Altars:
Makhleb


Innate Abilities, Weirdness & Mutations

You are immune to sickness and miasma.
You are immune to poison.
Your flesh is very heat resistant. (rF++)
You are vulnerable to cold. (rC-)
You float through the air rather than walking.
You learn spells naturally, not from books.
Your magical power is your life essence.
You have superior vitality. (+4 MHP)


Message History

The gnoll bouda attacks as it pursues you!
The gnoll bouda hits you with a +0 club.
You see here a hobgoblin corpse.
The gnoll bouda attacks as it pursues you!
The gnoll bouda hits you with a +0 club.
Things that are here:
a +0 whip; a gnoll corpse
Casting: Foxfire (safe; 3% risk of failure)
Confirm with . or Enter, or press ? or * to list all spells.
You don't know that spell.
Casting: Foxfire (safe; 3% risk of failure)
Confirm with . or Enter, or press ? or * to list all spells.
Flames lash the gnoll.
The gnoll is heavily wounded.
The gnoll's fire resistance burns away.
The gnoll bouda completely misses you.
Casting: Scorch (safe; 4% risk of failure)
Confirm with . or Enter, or press ? or * to list all spells.
You miscast Scorch.
You are very lightly contaminated with residual magic.
Nothing appears to happen.
The gnoll bouda calls upon its god to heal the gnoll.
The gnoll's wounds heal themselves!
Casting: Scorch (safe; 4% risk of failure)
Confirm with . or Enter, or press ? or * to list all spells.
Flames lash the gnoll bouda but do no damage.
The gnoll bouda barely misses you.
Casting: Scorch (safe; 4% risk of failure)
Confirm with . or Enter, or press ? or * to list all spells.
Flames lash the gnoll.
The gnoll is burned terribly!
The gnoll is severely wounded.
The gnoll bouda hits you with a +0 club!
* * * LOW HITPOINT WARNING * * *
Casting: Scorch (safe; 4% risk of failure)
Confirm with . or Enter, or press ? or * to list all spells.
A cloud of volatile blastmotes flares up around you!
* * * LOW HITPOINT WARNING * * *
The gnoll bouda gazes fiercely through you!
You feel your attacks grow feeble.
The gnoll bouda hits you with a +0 club!
You die...

.......................'.........
###....##########...####.........
##....# #..## ##.......# #....#
##.## ##.....## ####.# #..#
##...## #.# #.## ##'## #.# #.#
#.# #.# #)# #.# #.# #@#
#####.#### #.# #g# #####.........
#.# #g# #...........#. #######.#
#># #.###.#....##. ........#
#)###.###.#.#.###. #########
#.................
#####.......#.###. #####.###.# #.
#.###.###.


You could see a gnoll bouda and a gnoll (swift, combustible).

Vanquished Creatures
  An ogre (D:3)
  A howler monkey (D:3)
  3 gnolls (D:3)
  8 adders
  2 worms (D:2)
  2 dart slugs (D:2)
  An orc (D:4)
  5 ball pythons
  7 endoplasms
  4 giant cockroaches (D:1)
  3 goblins
  5 hobgoblins
  6 jackals
  2 quokkas
  4 bats
  4 frilled lizards
  5 kobolds
  5 rats
68 creatures vanquished.

Vanquished Creatures (others)
  157 foxfires
157 creatures vanquished.

Grand Total: 225 creatures vanquished

Notes
Turn   | Place    | Note
-------+----------+-------------------------------------------
     0 | D:1      | jlumianski the Djinni Fire Elementalist began the quest for
                  | the Orb.
     0 | D:1      | jlumianski set off with the following spells memorised:
                  | Foxfire, Scorch, Volatile Blastmotes, Inner Flame, Flame
                  | Wave.
     0 | D:1      | Reached XP level 1. HP: 15/15 MP: 0/0
    92 | D:1      | Reached XP level 2. HP: 19/22 MP: 0/0
   371 | D:1      | Reached XP level 3. HP: 12/26 MP: 0/0
   371 | D:1      | Learned a level 1 spell: Slow
   446 | D:1      | Reached skill level 1 in Fighting
   813 | D:2      | Identified the +0 helmet "Gememn" {Will++}
   944 | D:2      | Reached XP level 4. HP: 30/32 MP: 0/0
  1089 | D:2      | Found a faded altar of an unknown god.
  1186 | D:2      | Found a burning altar of Makhleb.
  1212 | D:2      | Became a worshipper of Makhleb the Destroyer
  1253 | D:2      | Reached XP level 5. HP: 34/38 MP: 0/0
  1253 | D:2      | Learned a level 2 spell: Blink
  1981 | D:4      | Noticed an ogre
  2029 | D:3      | Killed an ogre
  2030 | D:3      | Reached skill level 1 in Invocations
  2030 | D:3      | Reached XP level 6. HP: 36/45 MP: 0/0
  2277 | D:3      | Slain by a gnoll bouda

Illustrated notes

Levels and vault maps discovered:
D:1:      scummos_arrival_star, layout_rooms
D:2:      layout_rooms, shapermc_ecumenical_altar_mp_urbaneastern, basic_altar,
          minmay_close_crescents
D:3:      layout_loops_corners, amcnicky_altar_gilded
D:4:      layout_loops_cross, general_overflow_altar, uniq_grinder

Skill      XL: |  1  2  3  4  5 |
---------------+----------------+-----
Spellcasting   | |  3.8
Conjurations   | |  3.8
Hexes          | |  3.8
Summonings     | |  3.8
Necromancy     | |  3.8
Translocations | |  3.8
Transmutations | |  3.8
Fire Magic     | |  3.8
Ice Magic      | |  3.8
Air Magic      | |  3.8
Earth Magic    | |  3.8
Poison Magic   | |  3.8
Fighting       | 1 2 |  2.7
Stealth        | 2 |  2.6
Dodging        | 3 |  3.4
Invocations    | 1 |  1.8
Short Blades   | |  0.5

Action                     |  1- 3 |  4- 6 || total
---------------------------+-------+-------++-------
  Melee: Unarmed           |     4 |       ||     4
         Spear             |     6 |       ||     6
         Dagger            |    14 |    59 ||    73
   Cast: Foxfire           |    48 |    37 ||    85
         Slow              |     1 |       ||     1
         Blink             |       |     2 ||     2
         Inner Flame       |       |     2 ||     2
         Scorch            |       |     4 ||     4
         Volatile Blastmot |       |     1 ||     1
    Use: Potion            |     1 |     1 ||     2
   Stab: Sleeping          |     1 |     2 ||     3
 Armour: Robe              |    12 |    15 ||    27
  Dodge: Dodged            |    33 |    98 ||   131

Table legend: (Time is in decaauts)
 A = Elapsed time spent in this place.
 B = Non-inter-level travel time spent in this place.
 C = Inter-level travel time spent in this place.
 D = Time resting spent in this place.
 E = Time spent auto-exploring this place.
 F = Levels seen in this place.
 G = Mean time per level.
                   A        B        C        D        E       F      G
               +--------+--------+--------+--------+--------+-----+--------+
         Total |   2284 |   2284 |      0 |    268 |   1029 |   4 |  571.0 |
       Dungeon |   2284 |   2284 |      0 |    268 |   1029 |   4 |  571.0 |
               +--------+--------+--------+--------+--------+-----+--------+

Top non-repeatable levels by time:
     D:3: 763 daAuts
     D:2: 751 daAuts
     D:1: 699 daAuts
     D:4: 71 daAuts
